 Dungeon Crawl Stone Soup version 0.28.0-53-g5a82cb258f (webtiles) character file.

Game seed: 13154825025035640095

10 DemonSlayer the Vexing (level 2, -1/19 HPs)
             Began as a Vampire Enchanter on Aug 13, 2022.
             Slain by an adder (2 damage)
             ... on level 2 of the Dungeon.
             The game lasted 00:06:09 (783 turns).

DemonSlayer the Vexing (Vampire Enchanter)           Turns: 783, Time: 00:06:10

Health: -1/19      AC:  2    Str:  7    XL:     2   Next: 10%
Magic:  5/5        EV: 12    Int: 17    God:
Gold:   33         SH:  0    Dex: 14    Spells: 5/5 levels left

rFire   . . .      SeeInvis +   a - +1 dagger
rCold   . . .      Faith    .   (no shield)
rNeg    . . .      Spirit   .   b - +0 robe
rPois   .          Reflect  .   (no helmet)
rElec   .          Harm     .   (no cloak)
rCorr   .          Rampage  .   (no gloves)
Will    .....                   (no boots)
Stlth   +++.......              (no amulet)
HPRegen 0.26/turn               (no ring)
MPRegen 0.09/turn               (no ring)

@: lethally poisoned (-1 -> -8), healing quickly
A: alive, fangs 3, see invisible, vampiric 1
a: Exsanguinate


You were on level 2 of the Dungeon.
You visited 1 branch of the dungeon, and saw 2 of its levels.

You collected 33 gold pieces.

Inventory:

Hand Weapons
 a - a +1 dagger (weapon)
Missiles
 f - 48 sling bullets
Armour
 b - a +0 robe (worn)
Scrolls
 d - a scroll of identify {unknown}
Potions
 c - a potion of invisibility
 e - a potion of attraction {unknown}
 g - a potion of brilliance {unknown}


   Skills:
 + Level 1.1 Short Blades
 + Level 2.5 Dodging
 + Level 4.6 Stealth
 + Level 2.0 Spellcasting
 + Level 4.8 Hexes


You had 5 spell levels left.
You didn't know any spells.
Your spell library contained the following spells:

 Spells                   Type           Power      Damage    Failure   Level
 Confusing Touch          Hex            18%        N/A       9%          3
 Tukima's Dance           Hex            18%        N/A       9%          3
 Ensorcelled Hibernation  Hex/Ice        18%        N/A       11%         2
 Dazzling Flash           Conj/Hex       18%        N/A       22%         3


Dungeon Overview and Level Annotations

Branches:
Dungeon (2/15)

Altars:

Shops:
D:1 :


Innate Abilities, Weirdness & Mutations

Your natural rate of healing is accelerated.
You have razor-sharp teeth.
You have supernaturally acute eyesight. (SInv)
You are afflicted with vampirism.


Message History

The adder closely misses you. The adder bites you but does no damage.
You hit the adder.
The adder is lightly wounded.
The adder bites you.
You are poisoned.
The adder poisons you!
You hit the adder but do no damage. Your punch misses the adder.
The adder is lightly wounded.
You feel sick. The adder misses you.
You miss the adder.
The adder is lightly wounded.
You feel sick. The adder bites you.
You barely miss the adder.
The adder is lightly wounded.
You feel sick. The adder bites you.
You are more poisoned.
The adder poisons you! The adder barely misses you.
You hit the adder.
The adder is lightly wounded.
You feel sick. The adder bites you.
You are lethally poisoned!
The adder poisons you!
You are too injured to fight recklessly!
You are too injured to fight recklessly!
You are too injured to fight recklessly!
You are too injured to fight recklessly!
You barely miss the adder.
The adder is lightly wounded.
* * * LOW HITPOINT WARNING * * *
You feel very sick. The adder misses you.
You barely miss the adder.
The adder is lightly wounded.
* * * LOW HITPOINT WARNING * * *
You feel sick. The adder bites you but does no damage.
You hit the adder.
The adder is moderately wounded.
* * * LOW HITPOINT WARNING * * *
You feel sick. The adder bites you.
You die...

#.# #.# #.. ##..# ###.# #.#
#.. ##....# #.#.# #.# #..
#......## ###...# #.# #..
.=......###.#...###.#####..
.........#.................
.........#.##...#########.#
#.......##.S....# #..†.
#........@####.# #.#.#
#....####.# #.# #.#<# #.#+
#.# #.# # #.# #####.####.#
#.# #......S...# #.#
#.###.###### #.# #.# ...
#.# #.. ..# ###


You could see an adder.

Vanquished Creatures
  A bat (D:1)
  2 endoplasms (D:1)
  2 kobolds (D:1)
  A quokka (D:2)
  3 rats
9 creatures vanquished.

Vanquished Creatures (others)
  2 plants (D:1)
2 creatures vanquished.

Grand Total: 11 creatures vanquished

Notes
Turn   | Place    | Note
-------+----------+-------------------------------------------
     0 | D:1      | DemonSlayer the Vampire Enchanter began the quest for the
                  | Orb.
     0 | D:1      | Reached XP level 1. HP: 13/13 MP: 3/3
    38 | D:1      | Found Faoliar's Book Shop.
   236 | D:1      | Found a faded altar of an unknown god.
   602 | D:1      | Reached XP level 2. HP: 16/19 MP: 5/5
   783 | D:2      | Slain by an adder

Illustrated notes

Levels and vault maps discovered:
D:1:      kennysheep_arrival_seaside, layout_basic,
          dreamdust_ecumenical_altar_statues, serial_shops, shop,
          serial_bayou_lagoon_b
D:2:      minmay_inner_zag, layout_loops_corners, minmay_tromino_v4_b,
          uniq_sigmund

Action                   || total
-------------------------++-------
Melee: Dagger            ||    44
       Bite              ||     4
 Stab: Sleeping          ||     3
Armor: Robe              ||    10
Dodge: Dodged            ||    27
